 Dungeon Crawl Stone Soup version 0.29.0-4-gdea44cf6ec (webtiles) character file.

Game seed: 6969020998706918547

81953 qw the Severer (level 15, 0/137 (143) HPs)
             Began as a Minotaur Berserker on Sept 9, 2022.
             Was an Elder of Trog.
             Slain by an orc sorcerer
             ... wielding a +0 dagger
              (1 damage)
             ... on level 2 of the Orcish Mines.
             The game lasted 00:10:18 (32904 turns).

qw the Severer (Minotaur Berserker)                Turns: 32904, Time: 00:10:19

HP:   0/137 (143)   AC: 12    Str: 26    XL:     15   Next: 28%
MP:   14/14         EV: 10    Int: 10    God:    Trog [****..]
Gold: 171           SH: 13    Dex: 15    Spells: 14/14 levels left

rFire   . . .      SeeInvis +   g - +2 broad axe (drain)
rCold   + + +      Faith    .   p - +0 kite shield
rNeg    . . .      Spirit   .   u - +2 plate armour {Will+}
rPois   .          Reflect  .   (helmet restricted)
rElec   +          Harm     .   h - +1 cloak
rCorr   .          Rampage  .   f - +0 pair of gloves
Will    ++++.      Rage     3%  b - +1 pair of boots {Stlth+}
Stlth   ..........              a - amulet of the acrobat
HPRegen 1.32/turn               o - ring "Vifeax" {rElec rC+++ Str-2 Int+6 Dex+2}
MPRegen 0.14/turn               l - ring of see invisible

@: about to teleport, weakened, strong-willed (expiring), corroded, on berserk
cooldown, regenerating (expiring), slowed, lightly drained, very slow
A: horns 2, retaliatory headbutt, thin skeletal structure 1, berserk 1,
screaming 1, inability to drink after injury 1, MP-powered wands
a: Renounce Religion, Berserk, Trog's Hand, Brothers in Arms


You were on level 2 of the Orcish Mines.
You worshipped Trog.
Trog was greatly pleased with you.
You visited 3 branches of the dungeon, and saw 22 of its levels.

You collected 1902 gold pieces.
You spent 1731 gold pieces at shops.


Innate Abilities, Weirdness & Mutations

You have a pair of horns on your head.
You reflexively headbutt those who attack you in melee.
You have a somewhat thin skeletal structure. (Dex +2, Stealth+)
You sometimes lose your temper in combat.
You occasionally shout uncontrollably at your foes.
You occasionally lose the ability to drink potions when taking damage.
You expend magic power (3 MP) to strengthen your wands.


   Skills:
 - Level 15.8 Fighting
 - Level 18.0 Axes
 - Level 7.3 Throwing
 + Level 13.1 Armour
 - Level 8.0 Dodging
 - Level 15.0 Shields


You had 14 spell levels left.
You didn't know any spells.
Your spell library was empty.

Inventory:

Hand Weapons
 g - a +2 broad axe of draining (weapon)
 m - a +0 morningstar
Missiles
 t - 6 javelins (quivered)
Armour
 b - a +1 pair of boots of stealth (worn)
 f - a +0 pair of gloves (worn)
 h - a +1 cloak (worn)
 i - the +8 chain mail "Jyishrit" {rN+++ Will- Stlth-}
   (You found it on level 5 of the Dungeon)

   rN:        It renders you almost immune to negative energy.
   Will:      It decreases your willpower.
   Stlth:     It makes you less stealthy.
 p - a +0 kite shield (worn)
 u - a +2 plate armour of willpower (worn)
Jewellery
 a - an amulet of the acrobat (around neck)
 l - a ring of see invisible (right hand)
 o - the ring "Vifeax" (left hand) {rElec rC+++ Str-2 Int+6 Dex+2}
   (You bought it in a shop on level 13 of the Dungeon)

   [ring of intelligence]

   Str:       It affects your strength (-2).
   Int:       It affects your intelligence (+6).
   Dex:       It affects your dexterity (+2).
   rC:        It renders you almost immune to cold.
   rElec:     It insulates you from electricity.
 s - a ring of protection from cold
 v - a +6 ring of dexterity
 Y - a +6 ring of strength
Scrolls
 n - 13 scrolls of identify
 r - 9 scrolls of teleportation
Potions
 c - a potion of might
 d - 4 potions of heal wounds
 j - 6 potions of curing
 q - 7 potions of haste

Dungeon Overview and Level Annotations

Branches:
Dungeon (15/15)            Temple (0/1) D:4            Lair (5/5) D:8
  Swamp (0/4) Lair:3        Snake (0/4) Lair:3        Slime (0/5) Lair:4
    Orc (2/2) D:12         Vaults (0/5) D:13         Depths (0/4) D:15
    Elf: Orc:2

Altars:
Ashenzari
Elyvilon
Gozag
Hepliaklqana
Makhleb
Qazlal
Sif Muna
Yredelemnul
The Shining One
Jiyva
Lugonu

Shops:
D:10 ?   D:13 *!   D:14 [[[   Orc:1 ==   Orc:2 !

Portals:
Abyss: Lair:5
Trove: D:11 (give 12 potions of heal wounds)

Annotations:
D:7 3 runed translucent doors, qw's ghost, novice MiBe


Message History

The orange demon hits you but does no damage.
The soul eater hits you!
You feel drained.
You completely miss the orc knight.
The orc knight is heavily wounded.
You slash the orc high priest! You hit the rust devil.
You hit the orange demon but do no damage.
You closely miss the soul eater.
The orc high priest no longer looks unusually strong.
The orc high priest hits you with a +0 war axe!
The orc knight hits you with a +0 war axe.
You block the orc high priest's attack.
An orc knight comes into view. It is wielding a +2 vorpal battleaxe.
The rust devil hits you! The rust devil corrodes you!
The orange demon stings you.
The orange demon hits you but does no damage.
You block the soul eater's attack.
32903 ||| READING 10 scrolls of teleportation.
As you read the scroll of teleportation, it crumbles to dust.
You feel strangely unstable.
The orc no longer looks unusually strong.
The orc knight closely misses you.
The orc knight roars a battlecry!
The orcs go into a battle-frenzy!
You block the orc high priest's attack. You block the rust devil's attack.
The soul eater hits you.
You feel drained. You block the orange demon's attack.
The orange demon hits you.
You feel your attacks grow feeble. You block the orc knight's attack.
The orc high priest hits you from afar with a +0 halberd!
32904 ||| DRINKING 5 potions of heal wounds.
You feel much better.
You feel the effects of Trog's Hand fading.
You block the rust devil's attack. The soul eater hits you!
You block the orange demon's attack.
The orange demon hits you but does no damage.
You block the orc knight's attack.
The orc high priest mumbles some strange prayers to Beogh against you.
Beogh smites you!
The orc sorcerer hits you with a +0 dagger.
You die...

####.......[[.
##......)......
###...........#..
##.....(..........
##......(......#...
##.....#####...###..
#...)### #..#.##....
#..4## ######.....
#.4@# ##.#.. ##o3o#
###..


#44ooo ... ##4oo%.. ##.. ##...%... ##. ...%... .. ##..... . #%... You could see
2 orc knights, a soul eater (summoned), an orc high priest (strong), an orange
demon (summoned), a hellwing (summoned), an ice devil (summoned), 2 rust devils,
an orc sorcerer (strong), an orc warrior (strong), an orc wizard (strong,
invisible, very drained) and an orc (strong).

Vanquished Creatures
  5 hydras
  A rakshasa (D:13)
  4 boulder beetles
  5 centaur warriors
  2 dancing weapons (D:13)
  2 two-headed ogres
  An orc high priest (Orc:2)
  2 death yaks (Lair:1)
  3 tengu warriors (D:15)
  2 thrashing horrors (Lair:5)
  A skeletal warrior (D:15)
  A flayed ghost (D:15)
  A harpy (shapeshifter) (Lair:5)
  A wizard (D:15)
  2 orc knights (Orc:2)
  3 deep elf pyromancers
  4 orc sorcerers
  2 stone giant zombies (D:15)
  2 necromancers
  3 manticores
  4 ugly things
  8 cyclopes
  4 elephants (Lair:3)
  3 black mambas
  3 torpor snails
  An eye of devastation (Lair:4)
  3 gargoyles
  3 unseen horror zombies (D:8)
  2 smoke demons (Lair:5)
  An unseen horror (D:13)
  13 cane toads
  An efreet (D:13)
  A kobold demonologist (D:13)
  3 rime drakes
  11 komodo dragons
  A yaktaur (D:13)
  Psyche (D:10)
  3 tengu conjurers (D:15)
  A guardian mummy (D:15)
  5 trolls
  An ancient zyme (Lair:5)
  A tyrant leech (Lair:3)
  4 dream sheep (Lair:5)
  23 blink frogs
  A culicivora (shapeshifter) (D:15)
  10 spriggans
  A wraith (D:10)
  4 shadows
  A vampire (D:13)
  5 wyverns
  A ynoxinul (Lair:5)
  4 water elementals (D:13)
  74 yaks
  2 large abominations (Lair:5)
  10 basilisks
  A steam dragon (D:10)
  A redback (shapeshifter) (D:13)
  3 vampire mosquitoes (D:15)
  A chaos spawn (Lair:5)
  2 swamp worms (Lair:3)
  5 wargs (Orc:2)
  A harpy simulacrum (D:15)
  3 nagas (Lair:3)
  7 acid dragons
  15 water moccasins
  A floating eye (Lair:4)
  A water moccasin (shapeshifter) (Lair:5)
  A human skeleton (D:15)
  A floating eye (shapeshifter) (Lair:5)
  Duvessa (D:5)
  13 orc warriors
  A black bear (shapeshifter) (Lair:5)
  A black bear (D:8)
  An ice beast (D:5)
  3 ogres
  6 wolves (Lair:5)
  3 centaurs
  8 small abominations (Lair:5)
  6 kobold brigands
  Blork the orc (D:5)
  A scorpion (D:4)
  7 bullfrogs
  2 necrophages (D:5)
  2 gnoll sergeants
  A wyvern zombie (D:8)
  7 wights
  Dowan (D:5)
  6 killer bees (D:7)
  9 electric eels
  4 howler monkeys
  2 centaur zombies (D:8)
  3 hounds
  11 orc priests
  A gnoll bouda (D:7)
  2 jellies
  3 iguanas
  15 orc wizards
  5 hell rats (Lair:2)
  2 killer bee zombies (D:8)
  A howler monkey zombie (D:8)
  11 adders
  13 gnolls
  4 river rats (Lair:2)
  A white imp (D:6)
  An ufetubus (D:6)
  A worm (D:4)
  2 dart slugs (D:1)
  52 orcs
  10 endoplasms
  A giant cockroach (D:3)
  10 goblins
  7 hobgoblins
  3 quokkas
  6 ball pythons
  5 bats
  7 frilled lizards
  27 kobolds
  5 rats
  A spectral goblin (D:3)
600 creatures vanquished.

Vanquished Creatures (collateral kills)
  A spriggan zombie (D:15)
  3 hydras
  3 blink frogs (Lair:3)
  A naga (Lair:3)
8 creatures vanquished.

Vanquished Creatures (others)
  An orc priest (Orc:2)
  A bush (Lair:3)
  59 fungi
  116 plants
  10 withered plants (D:15)
187 creatures vanquished.

Grand Total: 795 creatures vanquished

Notes
Turn   | Place    | Note
-------+----------+-------------------------------------------
     0 | D:1      | qw the Minotaur Berserker began the quest for the Orb.
     0 | D:1      | Reached XP level 1. HP: 19/19 MP: 0/0
     0 | D:1      | 0 ||| qw: Version: 0.1-a-113-g051387a
     0 | D:1      | 0 ||| qw: Game counter: 7234
     0 | D:1      | 0 ||| qw: Always use a shield: true
     0 | D:1      | 0 ||| qw: Do Orc after D:15 true
     0 | D:1      | 0 ||| qw: Do second Lair branch before Depths: true
     0 | D:1      | 0 ||| qw: Lair rune preference: random
     0 | D:1      | 0 ||| qw: Plans: Normal
     0 | D:1      | 0 ||| PLANNING D:1-11
   162 | D:1      | Reached skill level 4 in Axes
   355 | D:1      | 355 ||| Stepping ~*~*~tactically~*~*~ (stealth).
   356 | D:1      | 356 ||| Stepping ~*~*~tactically~*~*~ (stealth).
   361 | D:1      | 361 ||| Stepping ~*~*~tactically~*~*~ (stealth).
   362 | D:1      | 362 ||| Stepping ~*~*~tactically~*~*~ (stealth).
   376 | D:1      | 376 ||| INVOKING Berserk.
   377 | D:1      | Reached XP level 2. HP: 15/26 MP: 1/1
   435 | D:1      | 435 ||| Stepping ~*~*~tactically~*~*~ (stealth).
   622 | D:1      | 622 ||| UPGRADING to +0 chain mail.
   647 | D:1      | 647 ||| DROPPING +0 animal skin.
   650 | D:1      | 650 ||| DROPPING amulet of magic regeneration.
   652 | D:1      | 652 ||| READING scroll labelled KAETZA CELEW.
   669 | D:1      | 669 ||| DROPPING +0 club.
   713 | D:1      | 713 ||| UPGRADING to +0 cloak.
   846 | D:1      | Reached skill level 5 in Axes
  1023 | D:1      | Found a faded altar of an unknown god.
  1028 | D:1      | 1028 ||| Stepping ~*~*~tactically~*~*~ (hiding).
  1029 | D:1      | 1029 ||| Stepping ~*~*~tactically~*~*~ (hiding).
  1032 | D:1      | Reached XP level 3. HP: 31/31 MP: 2/2
  1224 | D:1      | 1224 ||| Stepping ~*~*~tactically~*~*~ (stealth).
  1228 | D:1      | 1228 ||| Stepping ~*~*~tactically~*~*~ (hiding).
  1460 | D:1      | 1460 ||| READING 2 scrolls labelled YXEQEI FETZ.
  1461 | D:1      | 1461 ||| READING scroll labelled VOSUSY UREC.
  1462 | D:1      | 1462 ||| DROPPING scroll of blinking.
  1528 | D:2      | Reached ** piety under Trog
  1663 | D:2      | Found an opulent altar of Gozag.
  2182 | D:2      | 2182 ||| UPGRADING to +0 pair of gloves.
  2187 | D:2      | 2187 ||| UPGRADING to +6 ring of strength.
  2188 | D:2      | 2188 ||| READING scroll labelled OPAOSITHRUM.
  2189 | D:2      | 2189 ||| READING scroll labelled PIREFO XALANG.
  2190 | D:2      | 2190 ||| READING 2 scrolls labelled JODEZU MAMEUDE.
  2191 | D:2      | 2191 ||| READING scroll labelled DUTUETA NAUMUN.
  2192 | D:2      | 2192 ||| DROPPING scroll of immolation.
  2193 | D:2      | 2193 ||| Stepping randomly (stuck).
  2194 | D:2      | 2194 ||| Stepping ~*~*~tactically~*~*~ (cloud).
  2198 | D:2      | HP: 7/31 [poisoned by you (poison gas)]
  2203 | D:2      | HP: 3/31 [poisoned by you (poison gas)]
  2564 | D:3      | Found a white marble altar of Elyvilon.
  2735 | D:3      | 2735 ||| Stepping ~*~*~tactically~*~*~ (hiding).
  2736 | D:3      | 2736 ||| Stepping ~*~*~tactically~*~*~ (hiding).
  2739 | D:3      | 2739 ||| INVOKING Berserk.
  2746 | D:3      | Reached skill level 6 in Axes
  2746 | D:3      | Reached XP level 4. HP: 39/39 MP: 3/3
  2805 | D:3      | 2805 ||| Stepping ~*~*~tactically~*~*~ (stealth).
  2898 | D:3      | Found a hazy altar of Hepliaklqana.
  3030 | D:3      | Noticed an ogre
  3032 | D:3      | 3032 ||| INVOKING Berserk.
  3035 | D:3      | Killed an ogre
  3036 | D:3      | Reached skill level 7 in Axes
  3036 | D:3      | Reached XP level 5. HP: 45/45 MP: 4/4
  3194 | D:3      | 3194 ||| DROPPING +0 whip.
  3558 | D:3      | 3558 ||| READING scroll labelled DISYIPN JYCAXU.
  3563 | D:3      | 3563 ||| READING scroll labelled LOSMIM KUEMA.
  3588 | D:4      | 3588 ||| STAIRDANCE
  3665 | D:4      | Found a staircase to the Ecumenical Temple.
  3712 | D:4      | Reached skill level 8 in Axes
  3712 | D:4      | Reached XP level 6. HP: 51/52 MP: 5/5
  3891 | D:4      | Reached skill level 3 in Armour
  4049 | D:4      | 4049 ||| DROPPING +0 flail.
  4245 | D:4      | Reached *** piety under Trog
  4684 | D:4      | 4684 ||| READING scroll labelled OSCHISK KEEJIS.
  4685 | D:4      | 4685 ||| READING scroll labelled JICEJO XAUXEIT.
  4686 | D:4      | 4686 ||| READING scroll labelled GUMIES YRRA.
  4687 | D:4      | 4687 ||| DRINKING 2 fizzy ruby potions.
  4687 | D:4      | Gained mutation: You are agile. (Dex +4, Str/Int -1)
                  | [potion of mutation]
  4687 | D:4      | Gained mutation: You occasionally lose the ability to drink
                  | potions when taking damage. [potion of mutation]
  4687 | D:4      | Gained mutation: You sometimes lose your temper in combat.
                  | [potion of mutation]
  4687 | D:4      | Gained mutation: You have large cloven feet. [potion of
                  | mutation]
  4688 | D:4      | 4688 ||| DRINKING potion of mutation.
  4688 | D:4      | Lost mutation: You have large cloven feet. [potion of
                  | mutation]
  4688 | D:4      | Lost mutation: You are agile. (Dex +4, Str/Int -1) [potion
                  | of mutation]
  4688 | D:4      | Gained mutation: Your spells are a little harder to cast,
                  | but a little more powerful. [potion of mutation]
  4688 | D:4      | Gained mutation: You have an uncontrollable temper. [potion
                  | of mutation]
  4688 | D:4      | Gained mutation: Your system is resistant to poisons.
                  | (rPois) [potion of mutation]
  4689 | D:4      | 4689 ||| DRINKING 2 grey potions.
  4717 | D:5      | Entered Level 5 of the Dungeon
  4723 | D:5      | 4723 ||| STAIRDANCE
  4806 | D:5      | Found a broken altar of Ashenzari.
  4808 | D:5      | Noticed a water moccasin
  4814 | D:5      | Killed a water moccasin
  4815 | D:5      | Reached skill level 9 in Axes
  4815 | D:5      | Reached XP level 7. HP: 59/59 MP: 6/6
  4835 | D:5      | 4835 ||| INVOKING Berserk.
  5121 | D:5      | Identified the +8 chain mail "Jyishrit" {rN+++ Will-
                  | Stlth-}
  5141 | D:5      | Noticed Duvessa
  5141 | D:5      | Noticed Dowan
  5142 | D:5      | 5142 ||| Stepping ~*~*~tactically~*~*~ (hiding).
  5145 | D:5      | 5145 ||| INVOKING Berserk.
  5152 | D:5      | Killed Duvessa
  5158 | D:5      | Killed Dowan
  5159 | D:5      | Reached skill level 10 in Axes
  5459 | D:5      | 5459 ||| Stepping ~*~*~tactically~*~*~ (stealth).
  5462 | D:5      | 5462 ||| Stepping ~*~*~tactically~*~*~ (stealth).
  5466 | D:5      | 5466 ||| Stepping ~*~*~tactically~*~*~ (stealth).
  5467 | D:5      | 5467 ||| Stepping ~*~*~tactically~*~*~ (stealth).
  5689 | D:5      | Noticed Blork the orc
  5690 | D:5      | 5690 ||| Stepping ~*~*~tactically~*~*~ (hiding).
  5696 | D:5      | 5696 ||| INVOKING Berserk.
  5699 | D:5      | Killed Blork the orc
  5700 | D:5      | Reached skill level 6 in Fighting
  5700 | D:5      | Reached XP level 8. HP: 70/70 MP: 7/7
  5748 | D:5      | 5748 ||| SWAPPING to +0 war axe.
  5755 | D:5      | 5755 ||| DROPPING +1 hand axe.
  6103 | D:5      | 6103 ||| UPGRADING to +8 chain mail "Jyishrit" {rN+++ Will-
                  | Stlth-}.
  6113 | D:5      | 6113 ||| DROPPING +0 chain mail.
  6114 | D:5      | 6114 ||| UPGRADING to ring of resist corrosion.
  6115 | D:5      | 6115 ||| READING scroll labelled RENAHIN XIOTO.
  6116 | D:5      | 6116 ||| READING 2 scrolls of identify.
  6116 | D:5      | 6116 ||| IDENTIFYING bubbling yellow potion
  6117 | D:5      | 6117 ||| DROPPING potion of attraction.
  6160 | D:6      | 6160 ||| Stepping ~*~*~tactically~*~*~ (hiding).
  6162 | D:6      | 6162 ||| Stepping ~*~*~tactically~*~*~ (hiding).
  6383 | D:6      | Noticed a troll
  6388 | D:6      | 6388 ||| INVOKING Berserk.
  6391 | D:6      | Killed a troll
  6392 | D:6      | Reached skill level 11 in Axes
  6510 | D:6      | Noticed a komodo dragon
  6511 | D:6      | 6511 ||| READING scroll of teleportation.
  6548 | D:6      | 6548 ||| Stepping ~*~*~tactically~*~*~ (stealth).
  6550 | D:6      | 6550 ||| Stepping ~*~*~tactically~*~*~ (stealth).
  6562 | D:6      | 6562 ||| INVOKING Berserk.
  6564 | D:6      | Reached skill level 12 in Axes
  6569 | D:6      | Reached XP level 9. HP: 43/79 MP: 8/8
  6806 | D:6      | 6806 ||| INVOKING Berserk.
  7195 | D:6      | Noticed a manticore
  7195 | D:6      | Noticed a troll
  7200 | D:6      | 7200 ||| INVOKING Berserk.
  7204 | D:6      | Killed a troll
  7205 | D:6      | Reached skill level 13 in Axes
  7252 | D:6      | 7252 ||| UPGRADING to amulet of the acrobat.
  7257 | D:6      | 7257 ||| Stepping randomly (stuck).
  7259 | D:6      | 7259 ||| Stepping randomly (stuck).
  7260 | D:6      | 7260 ||| Stepping randomly (stuck).
  7261 | D:6      | 7261 ||| Stepping randomly (stuck).
  7271 | D:6      | 7271 ||| Stepping randomly (stuck).
  7273 | D:6      | 7273 ||| Stepping randomly (stuck).
  7275 | D:6      | 7275 ||| Stepping randomly (stuck).
  7276 | D:6      | 7276 ||| Stepping ~*~*~tactically~*~*~ (hiding).
  7277 | D:6      | 7277 ||| Stepping ~*~*~tactically~*~*~ (hiding).
  7330 | D:6      | Reached skill level 3 in Dodging
  7436 | D:6      | 7436 ||| Stepping ~*~*~tactically~*~*~ (stealth).
  7441 | D:6      | 7441 ||| INVOKING Berserk.
  7447 | D:6      | Killed a komodo dragon
  7457 | D:6      | 7457 ||| Stepping ~*~*~tactically~*~*~ (stealth).
  7458 | D:6      | 7458 ||| Stepping ~*~*~tactically~*~*~ (stealth).
  7476 | D:6      | 7476 ||| Stepping ~*~*~tactically~*~*~ (stealth).
  7667 | D:6      | 7667 ||| Stepping ~*~*~tactically~*~*~ (stealth).
  7670 | D:6      | 7670 ||| Stepping ~*~*~tactically~*~*~ (hiding).
  7673 | D:6      | 7673 ||| INVOKING Berserk.
  7675 | D:6      | Killed a manticore
  8066 | D:7      | 8066 ||| Stepping ~*~*~tactically~*~*~ (stealth).
  8067 | D:7      | 8067 ||| Stepping ~*~*~tactically~*~*~ (stealth).
  8077 | D:7      | Reached skill level 14 in Axes
  8096 | D:7      | 8096 ||| Stepping ~*~*~tactically~*~*~ (stealth).
  8265 | D:7      | 8265 ||| Stepping ~*~*~tactically~*~*~ (stealth).
  8266 | D:7      | 8266 ||| Stepping ~*~*~tactically~*~*~ (stealth).
  8270 | D:7      | 8270 ||| Stepping ~*~*~tactically~*~*~ (hiding).
  8271 | D:7      | 8271 ||| Stepping ~*~*~tactically~*~*~ (hiding).
  8291 | D:7      | 8291 ||| Stepping ~*~*~tactically~*~*~ (stealth).
  8483 | D:7      | Reached skill level 6 in Armour
  8662 | D:7      | 8662 ||| Stepping ~*~*~tactically~*~*~ (hiding).
  8664 | D:7      | 8664 ||| Stepping ~*~*~tactically~*~*~ (hiding).
  8665 | D:7      | Reached **** piety under Trog
  8666 | D:7      | 8666 ||| Stepping ~*~*~tactically~*~*~ (stealth).
  8673 | D:7      | 8673 ||| Stepping ~*~*~tactically~*~*~ (hiding).
  8681 | D:7      | Reached XP level 10. HP: 87/90 MP: 9/9
  8767 | D:7      | 8767 ||| Stepping ~*~*~tactically~*~*~ (stealth).
  8773 | D:7      | 8773 ||| Stepping ~*~*~tactically~*~*~ (stealth).
  8790 | D:7      | Reached skill level 15 in Axes
  8927 | D:7      | Found a runed translucent gate.
  8927 | D:7      | Found a runed translucent gate.
  8927 | D:7      | Found a runed translucent gate.
  8928 | D:7      | Noticed qw's ghost (novice MiBe)
  9074 | D:7      | 9074 ||| UPGRADING to +0 pair of boots.
  9079 | D:7      | 9079 ||| UPGRADING to +0 kite shield.
  9084 | D:7      | 9084 ||| DROPPING amulet of faith.
  9085 | D:7      | 9085 ||| READING 2 scrolls of identify.
  9085 | D:7      | 9085 ||| IDENTIFYING murky green potion
  9086 | D:7      | 9086 ||| DROPPING potion of berserk rage.
  9105 | D:8      | 9105 ||| STAIRDANCE
  9107 | D:7      | 9107 ||| INVOKING Berserk.
  9115 | D:7      | Reached skill level 1 in Shields
  9267 | D:8      | 9267 ||| STAIRDANCE
  9311 | D:8      | 9311 ||| STAIRDANCE
  9457 | D:8      | 9457 ||| STAIRDANCE
  9497 | D:8      | 9497 ||| STAIRDANCE
  9499 | D:7      | 9499 ||| INVOKING Berserk.
  9680 | D:8      | Reached skill level 3 in Shields
  9790 | D:8      | 9790 ||| FLEEEEING.
  9791 | D:8      | 9791 ||| FLEEEEING.
  9976 | D:8      | Found a staircase to the Lair.
 10261 | D:8      | 10261 ||| Stepping ~*~*~tactically~*~*~ (stealth).
 10263 | D:8      | 10263 ||| Stepping ~*~*~tactically~*~*~ (stealth).
 10285 | D:8      | Reached skill level 1 in Throwing
 10442 | D:8      | 10442 ||| INVOKING Berserk.
 10581 | D:8      | 10581 ||| INVOKING Berserk.
 10595 | D:8      | Reached skill level 6 in Shields
 10803 | D:8      | Found a stormy altar of Qazlal.
 10890 | D:8      | 10890 ||| Stepping ~*~*~tactically~*~*~ (stealth).
 10893 | D:8      | 10893 ||| Stepping ~*~*~tactically~*~*~ (stealth).
 10915 | D:8      | 10915 ||| Stepping ~*~*~tactically~*~*~ (stealth).
 10918 | D:8      | 10918 ||| Stepping ~*~*~tactically~*~*~ (stealth).
 10919 | D:8      | 10919 ||| Stepping ~*~*~tactically~*~*~ (stealth).
 10920 | D:8      | 10920 ||| Stepping ~*~*~tactically~*~*~ (stealth).
 10921 | D:8      | 10921 ||| Stepping ~*~*~tactically~*~*~ (stealth).
 10922 | D:8      | 10922 ||| Stepping ~*~*~tactically~*~*~ (stealth).
 10923 | D:8      | 10923 ||| Stepping ~*~*~tactically~*~*~ (stealth).
 10925 | D:8      | 10925 ||| Stepping ~*~*~tactically~*~*~ (stealth).
 10955 | D:8      | Reached skill level 9 in Shields
 10964 | D:8      | Reached XP level 11. HP: 87/95 MP: 10/10
 11236 | D:8      | Found a basalt altar of Yredelemnul.
 11299 | D:8      | 11299 ||| Stepping ~*~*~tactically~*~*~ (stealth).
 11302 | D:8      | 11302 ||| FLEEEEING.
 11303 | D:8      | 11303 ||| FLEEEEING.
 11304 | D:8      | 11304 ||| FLEEEEING.
 11305 | D:8      | 11305 ||| FLEEEEING.
 11306 | D:8      | 11306 ||| FLEEEEING.
 11307 | D:8      | 11307 ||| FLEEEEING.
 11308 | D:8      | 11308 ||| FLEEEEING.
 11309 | D:8      | 11309 ||| FLEEEEING.
 11374 | D:8      | 11374 ||| FLEEEEING.
 11375 | D:8      | 11375 ||| FLEEEEING.
 11378 | D:8      | 11378 ||| INVOKING Berserk.
 11587 | D:8      | 11587 ||| PLANNING LAIR
 11587 | D:8      | 11587 ||| UPGRADING to ring of protection from cold.
 11589 | D:8      | 11589 ||| DRINKING 3 pink potions.
 11590 | D:8      | 11590 ||| DRINKING 3 green potions.
 11591 | D:8      | 11591 ||| READING 4 scrolls of identify.
 11591 | D:8      | 11591 ||| IDENTIFYING golden potion
 11592 | D:8      | 11592 ||| READING 3 scrolls of identify.
 11592 | D:8      | 11592 ||| IDENTIFYING murky inky potion
 11593 | D:8      | 11593 ||| READING 2 scrolls of identify.
 11593 | D:8      | 11593 ||| IDENTIFYING fuming golden potion
 11594 | D:8      | 11594 ||| DROPPING potion of brilliance.
 11595 | D:8      | 11595 ||| DROPPING potion of lignification.
 11596 | D:8      | 11596 ||| DROPPING 2 potions of degeneration.
 11644 | Lair:1   | Entered Level 1 of the Lair of Beasts
 11644 | Lair:1   | Noticed a death yak
 11644 | Lair:1   | Noticed a death yak
 11649 | Lair:1   | 11649 ||| INVOKING Berserk.
 11659 | Lair:1   | Reached skill level 9 in Fighting
 11659 | Lair:1   | Killed a death yak
 11660 | Lair:1   | Killed a death yak
 11916 | Lair:1   | 11916 ||| INVOKING Berserk.
 12033 | Lair:1   | 12033 ||| Stepping ~*~*~tactically~*~*~ (stealth).
 12039 | Lair:1   | Reached ***** piety under Trog
 12140 | Lair:1   | 12140 ||| INVOKING Berserk.
 12143 | Lair:1   | Reached skill level 16 in Axes
 12299 | Lair:1   | 12299 ||| Stepping ~*~*~tactically~*~*~ (stealth).
 12300 | Lair:1   | 12300 ||| INVOKING Berserk.
 12410 | Lair:1   | 12410 ||| Stepping ~*~*~tactically~*~*~ (stealth).
 12413 | Lair:1   | 12413 ||| Stepping ~*~*~tactically~*~*~ (stealth).
 12414 | Lair:1   | 12414 ||| Stepping ~*~*~tactically~*~*~ (stealth).
 12420 | Lair:1   | 12420 ||| Stepping ~*~*~tactically~*~*~ (stealth).
 12845 | Lair:2   | 12845 ||| Stepping ~*~*~tactically~*~*~ (stealth).
 12846 | Lair:2   | 12846 ||| Stepping ~*~*~tactically~*~*~ (stealth).
 12918 | Lair:2   | 12918 ||| FLEEEEING.
 12919 | Lair:2   | 12919 ||| STAIRDANCE
 13032 | Lair:2   | 13032 ||| STAIRDANCE
 13166 | Lair:2   | 13166 ||| INVOKING Berserk.
 13196 | Lair:2   | 13196 ||| FLEEEEING.
 13203 | Lair:2   | 13203 ||| STAIRDANCE
 13319 | Lair:2   | 13319 ||| Stepping ~*~*~tactically~*~*~ (stealth).
 13324 | Lair:2   | 13324 ||| INVOKING Berserk.
 13429 | Lair:2   | Noticed a seven-headed hydra
 13430 | Lair:2   | 13430 ||| INVOKING Brothers in Arms.
 13432 | Lair:2   | 13432 ||| SWAPPING to +0 morningstar.
 13433 | Lair:2   | 13433 ||| INVOKING Berserk.
 13435 | Lair:2   | Killed a seven-headed hydra
 13440 | Lair:2   | 13440 ||| SWAPPING to +0 war axe.
 13473 | Lair:2   | 13473 ||| Stepping ~*~*~tactically~*~*~ (stealth).
 13697 | Lair:2   | 13697 ||| INVOKING Berserk.
 13721 | Lair:2   | 13721 ||| FLEEEEING.
 13722 | Lair:2   | 13722 ||| FLEEEEING.
 13725 | Lair:2   | 13725 ||| STAIRDANCE
 13856 | Lair:2   | 13856 ||| INVOKING Berserk.
 13884 | Lair:2   | 13884 ||| Stepping ~*~*~tactically~*~*~ (stealth).
 14024 | Lair:2   | You fall into a shaft and drop 2 floors!
 14038 | Lair:4   | 14038 ||| READING scroll of enchant weapon.
 14038 | Lair:4   | 14038 ||| ENCHANTING +0 war axe.
 14063 | Lair:4   | Reached XP level 12. HP: 104/107 MP: 11/11
 14216 | Lair:4   | 14216 ||| INVOKING Berserk.
 14349 | Lair:4   | 14349 ||| READING 3 scrolls of identify.
 14349 | Lair:4   | 14349 ||| IDENTIFYING inky potion
 14350 | Lair:4   | 14350 ||| DROPPING potion of flight.
 14505 | Lair:3   | Noticed a six-headed hydra
 14506 | Lair:3   | 14506 ||| INVOKING Brothers in Arms.
 14509 | Lair:3   | 14509 ||| SWAPPING to +0 morningstar.
 14510 | Lair:3   | Found a staircase to the Snake Pit.
 14511 | Lair:3   | 14511 ||| INVOKING Berserk.
 14514 | Lair:3   | Killed a six-headed hydra
 14524 | Lair:3   | 14524 ||| SWAPPING to +1 war axe.
 14793 | Lair:3   | Reached skill level 9 in Armour
 14894 | Lair:3   | 14894 ||| Stepping ~*~*~tactically~*~*~ (stealth).
 14930 | Lair:3   | 14930 ||| Stepping ~*~*~tactically~*~*~ (stealth).
 15015 | Lair:3   | Noticed a five-headed hydra
 15016 | Lair:3   | 15016 ||| Stepping ~*~*~tactically~*~*~ (stealth).
 15017 | Lair:3   | 15017 ||| INVOKING Brothers in Arms.
 15018 | Lair:3   | 15018 ||| SWAPPING to +0 morningstar.
 15019 | Lair:3   | 15019 ||| INVOKING Berserk.
 15020 | Lair:3   | Killed a five-headed hydra
 15021 | Lair:3   | Reached skill level 12 in Shields
 15025 | Lair:3   | 15025 ||| SWAPPING to +1 war axe.
 15156 | Lair:3   | Noticed a five-headed hydra
 15161 | Lair:3   | 15161 ||| SWAPPING to +0 morningstar.
 15162 | Lair:3   | 15162 ||| INVOKING Berserk.
 15165 | Lair:3   | Killed a five-headed hydra
 15173 | Lair:3   | 15173 ||| SWAPPING to +1 war axe.
 15282 | Lair:3   | 15282 ||| Stepping ~*~*~tactically~*~*~ (stealth).
 15402 | Lair:3   | 15402 ||| INVOKING Berserk.
 15498 | Lair:3   | 15498 ||| Stepping ~*~*~tactically~*~*~ (stealth).
 15500 | Lair:3   | 15500 ||| Stepping ~*~*~tactically~*~*~ (stealth).
 15501 | Lair:3   | 15501 ||| INVOKING Berserk.
 15564 | Lair:3   | 15564 ||| Stepping ~*~*~tactically~*~*~ (stealth).
 15570 | Lair:3   | 15570 ||| INVOKING Berserk.
 15779 | Lair:2   | Reached skill level 12 in Fighting
 15856 | Lair:2   | 15856 ||| Stepping ~*~*~tactically~*~*~ (stealth).
 15960 | Lair:2   | 15960 ||| INVOKING Berserk.
 16050 | Lair:2   | Noticed a four-headed hydra
 16054 | Lair:2   | 16054 ||| SWAPPING to +0 morningstar.
 16055 | Lair:2   | 16055 ||| INVOKING Berserk.
 16058 | Lair:2   | Killed a four-headed hydra
 16062 | Lair:2   | 16062 ||| SWAPPING to +1 war axe.
 16617 | Lair:2   | 16617 ||| Stepping ~*~*~tactically~*~*~ (hiding).
 16772 | Lair:2   | 16772 ||| READING scroll labelled LIREOHAPR VIEDGH.
 16824 | Lair:3   | 16824 ||| Stepping ~*~*~tactically~*~*~ (stealth).
 17262 | Lair:3   | 17262 ||| FLEEEEING.
 17263 | Lair:3   | 17263 ||| FLEEEEING.
 17264 | Lair:3   | 17264 ||| FLEEEEING.
 17265 | Lair:3   | 17265 ||| FLEEEEING.
 17266 | Lair:3   | 17266 ||| FLEEEEING.
 17267 | Lair:3   | 17267 ||| FLEEEEING.
 17268 | Lair:3   | 17268 ||| FLEEEEING.
 17269 | Lair:3   | 17269 ||| FLEEEEING.
 17270 | Lair:3   | 17270 ||| FLEEEEING.
 17271 | Lair:3   | 17271 ||| FLEEEEING.
 17272 | Lair:3   | 17272 ||| FLEEEEING.
 17273 | Lair:3   | 17273 ||| FLEEEEING.
 17274 | Lair:3   | 17274 ||| FLEEEEING.
 17275 | Lair:3   | 17275 ||| FLEEEEING.
 17276 | Lair:3   | 17276 ||| FLEEEEING.
 17277 | Lair:3   | 17277 ||| FLEEEEING.
 17278 | Lair:3   | 17278 ||| FLEEEEING.
 17279 | Lair:3   | 17279 ||| FLEEEEING.
 17280 | Lair:3   | 17280 ||| FLEEEEING.
 17281 | Lair:3   | 17281 ||| FLEEEEING.
 17282 | Lair:3   | 17282 ||| FLEEEEING.
 17283 | Lair:3   | 17283 ||| STAIRDANCE
 17347 | Lair:3   | 17347 ||| STAIRDANCE
 17478 | Lair:3   | Noticed a boulder beetle
 17480 | Lair:3   | 17480 ||| INVOKING Berserk.
 17491 | Lair:3   | Killed a boulder beetle
 17492 | Lair:3   | Reached XP level 13. HP: 119/119 MP: 12/12
 17640 | Lair:3   | 17640 ||| Stepping ~*~*~tactically~*~*~ (stealth).
 17867 | Lair:3   | Found a staircase to the Swamp.
 18116 | Lair:3   | 18116 ||| SWAPPING to +0 morningstar.
 18117 | Lair:3   | 18117 ||| INVOKING Berserk.
 18171 | Lair:3   | 18171 ||| SWAPPING to +1 war axe.
 18371 | Lair:4   | Identified the +0 ring mail of Foolhardiness {Harm}
 18511 | Lair:4   | Found a staircase to the Slime Pits.
 18512 | Lair:4   | 18512 ||| Stepping ~*~*~tactically~*~*~ (hiding).
 18517 | Lair:4   | Paralysed by a floating eye for 3 turns
 18530 | Lair:4   | Found a viscous altar of Jiyva.
 18653 | Lair:4   | 18653 ||| Stepping ~*~*~tactically~*~*~ (stealth).
 18655 | Lair:4   | 18655 ||| Stepping ~*~*~tactically~*~*~ (stealth).
 18658 | Lair:4   | 18658 ||| Stepping ~*~*~tactically~*~*~ (stealth).
 18661 | Lair:4   | 18661 ||| Stepping ~*~*~tactically~*~*~ (stealth).
 18669 | Lair:4   | Reached skill level 6 in Dodging
 19022 | Lair:4   | 19022 ||| UPGRADING to +1 cloak.
 19032 | Lair:4   | 19032 ||| DROPPING +0 cloak.
 19033 | Lair:4   | 19033 ||| READING scroll labelled WORCHI WUCS.
 19034 | Lair:4   | 19034 ||| READING 5 scrolls of identify.
 19034 | Lair:4   | 19034 ||| IDENTIFYING murky grey potion
 19035 | Lair:4   | 19035 ||| DROPPING potion of invisibility.
 19055 | Lair:5   | Entered Level 5 of the Lair of Beasts
 19109 | Lair:5   | 19109 ||| Stepping ~*~*~tactically~*~*~ (stealth).
 19111 | Lair:5   | 19111 ||| Stepping ~*~*~tactically~*~*~ (stealth).
 19116 | Lair:5   | 19116 ||| Stepping ~*~*~tactically~*~*~ (stealth).
 19118 | Lair:5   | 19118 ||| Stepping ~*~*~tactically~*~*~ (stealth).
 19163 | Lair:5   | 19163 ||| FLEEEEING.
 19164 | Lair:5   | 19164 ||| FLEEEEING.
 19168 | Lair:5   | 19168 ||| FLEEEEING.
 19169 | Lair:5   | 19169 ||| FLEEEEING.
 19170 | Lair:5   | 19170 ||| FLEEEEING.
 19171 | Lair:5   | 19171 ||| FLEEEEING.
 19172 | Lair:5   | 19172 ||| FLEEEEING.
 19175 | Lair:5   | 19175 ||| FLEEEEING.
 19176 | Lair:5   | 19176 ||| FLEEEEING.
 19177 | Lair:5   | 19177 ||| STAIRDANCE
 19181 | Lair:5   | 19181 ||| INVOKING Berserk.
 19190 | Lair:5   | 19190 ||| STAIRDANCE
 19312 | Lair:5   | 19312 ||| INVOKING Berserk.
 19741 | Lair:5   | 19741 ||| Stepping ~*~*~tactically~*~*~ (stealth).
 19742 | Lair:5   | 19742 ||| INVOKING Berserk.
 19937 | Lair:5   | 19937 ||| Stepping ~*~*~tactically~*~*~ (stealth).
 19939 | Lair:5   | 19939 ||| Stepping ~*~*~tactically~*~*~ (stealth).
 19940 | Lair:5   | 19940 ||| INVOKING Berserk.
 20017 | Lair:5   | 20017 ||| FLEEEEING.
 20018 | Lair:5   | 20018 ||| FLEEEEING.
 20021 | Lair:5   | 20021 ||| FLEEEEING.
 20025 | Lair:5   | 20025 ||| INVOKING Berserk.
 20063 | Lair:5   | 20063 ||| INVOKING Brothers in Arms.
 20066 | Lair:5   | 20066 ||| SWAPPING to +0 morningstar.
 20068 | Lair:5   | 20068 ||| INVOKING Brothers in Arms.
 20069 | Lair:5   | 20069 ||| INVOKING Brothers in Arms.
 20070 | Lair:5   | 20070 ||| INVOKING Brothers in Arms.
 20071 | Lair:5   | 20071 ||| INVOKING Brothers in Arms.
 20072 | Lair:5   | 20072 ||| INVOKING Brothers in Arms.
 20073 | Lair:5   | 20073 ||| INVOKING Brothers in Arms.
 20074 | Lair:5   | 20074 ||| INVOKING Brothers in Arms.
 20075 | Lair:5   | 20075 ||| INVOKING Brothers in Arms.
 20076 | Lair:5   | 20076 ||| INVOKING Brothers in Arms.
 20077 | Lair:5   | 20077 ||| INVOKING Brothers in Arms.
 20078 | Lair:5   | 20078 ||| INVOKING Berserk.
 20253 | Lair:5   | 20253 ||| Stepping ~*~*~tactically~*~*~ (stealth).
 20254 | Lair:5   | 20254 ||| SWAPPING to +1 war axe of freezing.
 20304 | Lair:5   | 20304 ||| Stepping ~*~*~tactically~*~*~ (stealth).
 20314 | Lair:5   | 20314 ||| Stepping ~*~*~tactically~*~*~ (stealth).
 20317 | Lair:5   | 20317 ||| Stepping ~*~*~tactically~*~*~ (stealth).
 20351 | Lair:5   | 20351 ||| Stepping ~*~*~tactically~*~*~ (stealth).
 20352 | Lair:5   | 20352 ||| Stepping ~*~*~tactically~*~*~ (stealth).
 20361 | Lair:5   | 20361 ||| INVOKING Berserk.
 20467 | Lair:5   | 20467 ||| Stepping ~*~*~tactically~*~*~ (stealth).
 20468 | Lair:5   | 20468 ||| Stepping ~*~*~tactically~*~*~ (stealth).
 20470 | Lair:5   | 20470 ||| Stepping ~*~*~tactically~*~*~ (stealth).
 20475 | Lair:5   | 20475 ||| Stepping ~*~*~tactically~*~*~ (stealth).
 20620 | Lair:5   | 20620 ||| Stepping ~*~*~tactically~*~*~ (stealth).
 20624 | Lair:5   | 20624 ||| INVOKING Berserk.
 20787 | Lair:5   | 20787 ||| INVOKING Berserk.
 21094 | Lair:5   | 21094 ||| Stepping ~*~*~tactically~*~*~ (stealth).
 21096 | Lair:5   | 21096 ||| Stepping ~*~*~tactically~*~*~ (stealth).
 21097 | Lair:5   | 21097 ||| INVOKING Berserk.
 21102 | Lair:5   | Reached skill level 15 in Fighting
 21285 | Lair:5   | 21285 ||| Stepping ~*~*~tactically~*~*~ (stealth).
 21313 | Lair:5   | 21313 ||| Stepping ~*~*~tactically~*~*~ (stealth).
 21320 | Lair:5   | 21320 ||| Stepping ~*~*~tactically~*~*~ (cloud).
 21335 | Lair:5   | 21335 ||| INVOKING Berserk.
 21478 | Lair:5   | 21478 ||| Stepping ~*~*~tactically~*~*~ (hiding).
 21513 | Lair:5   | 21513 ||| Stepping ~*~*~tactically~*~*~ (stealth).
 21515 | Lair:5   | 21515 ||| Stepping ~*~*~tactically~*~*~ (stealth).
 21517 | Lair:5   | 21517 ||| Stepping ~*~*~tactically~*~*~ (stealth).
 21526 | Lair:5   | 21526 ||| INVOKING Berserk.
 21535 | Lair:5   | Reached skill level 12 in Armour
 21707 | Lair:5   | 21707 ||| Stepping ~*~*~tactically~*~*~ (stealth).
 21708 | Lair:5   | 21708 ||| Stepping ~*~*~tactically~*~*~ (stealth).
 21711 | Lair:5   | 21711 ||| INVOKING Berserk.
 21833 | Lair:5   | 21833 ||| Stepping ~*~*~tactically~*~*~ (hiding).
 21844 | Lair:5   | 21844 ||| INVOKING Berserk.
 21949 | Lair:5   | Reached XP level 14. HP: 135/135 MP: 13/13
 22012 | Lair:5   | 22012 ||| Stepping ~*~*~tactically~*~*~ (stealth).
 22210 | Lair:5   | Found a corrupted altar of Lugonu.
 22210 | Lair:5   | Found a one-way gate to the infinite horrors of the Abyss.
 22412 | Lair:5   | Paralysed by a floating eye for 3 turns
 22454 | Lair:5   | 22454 ||| PLANNING D:1-11
 22454 | Lair:5   | 22454 ||| UPGRADING to +1 pair of boots of stealth.
 22464 | Lair:5   | 22464 ||| DROPPING +0 pair of boots.
 22465 | Lair:5   | 22465 ||| DROPPING +0 chain mail of fire resistance.
 22466 | Lair:5   | 22466 ||| READING 5 scrolls of identify.
 22466 | Lair:5   | 22466 ||| IDENTIFYING dark potion
 22467 | Lair:5   | 22467 ||| DROPPING potion of ambrosia.
 22809 | D:9      | Reached skill level 15 in Shields
 23234 | D:9      | Found a glowing golden altar of the Shining One.
 23284 | D:9      | Identified the +1 robe "Pyastrulu" {rC- Dex+3 Stlth+}
 23578 | D:9      | Found a shimmering blue altar of Sif Muna.
 23679 | D:9      | 23679 ||| READING scroll labelled CIG SAHOWOE.
 23820 | D:9      | 23820 ||| READING 6 scrolls of identify.
 23820 | D:9      | 23820 ||| IDENTIFYING clear potion
 23872 | D:10     | Entered Level 10 of the Dungeon
 23888 | D:10     | 23888 ||| Stepping ~*~*~tactically~*~*~ (hiding).
 24322 | D:10     | 24322 ||| Stepping ~*~*~tactically~*~*~ (hiding).
 24333 | D:10     | 24333 ||| INVOKING Berserk.
 24432 | D:10     | 24432 ||| READING scroll of enchant weapon.
 24432 | D:10     | 24432 ||| ENCHANTING +1 war axe of freezing.
 24472 | D:10     | 24472 ||| SWAPPING to +0 broad axe.
 24473 | D:10     | 24473 ||| DROPPING +2 war axe of freezing.
 24494 | D:10     | 24494 ||| FLEEEEING.
 24495 | D:10     | 24495 ||| DRINKING 5 potions of curing.
 24495 | D:10     | 24495 ||| (to cure confusion)
 24502 | D:10     | 24502 ||| DRINKING 4 potions of curing.
 24502 | D:10     | 24502 ||| (to cure confusion)
 24521 | D:10     | Found a burning altar of Makhleb.
 24538 | D:10     | 24538 ||| READING 2 scrolls of brand weapon.
 24538 | D:10     | 24538 ||| BRANDING +0 broad axe.
 24539 | D:10     | 24539 ||| READING scroll of brand weapon.
 24539 | D:10     | 24539 ||| BRANDING +0 broad axe of protection.
 24546 | D:10     | 24546 ||| DRINKING potion of mutation.
 24546 | D:10     | Lost mutation: Your system is resistant to poisons. (rPois)
                  | [potion of mutation]
 24546 | D:10     | Lost mutation: Your spells are a little harder to cast, but
                  | a little more powerful. [potion of mutation]
 24546 | D:10     | Gained mutation: Your muscles are strong. (Str +4, Int/Dex
                  | -1) [potion of mutation]
 24546 | D:10     | Gained mutation: You have a somewhat thin skeletal
                  | structure. (Dex +2, Stealth+) [potion of mutation]
 24950 | D:10     | Noticed Psyche
 24955 | D:10     | Killed Psyche
 24956 | D:10     | Found Zemaeric's Magic Scroll Boutique.
 24962 | D:10     | 24962 ||| BUYING scroll of enchant weapon (97 gold).
 24962 | D:10     | Bought a scroll of enchant weapon for 97 gold pieces
 24962 | D:10     | 24962 ||| BUYING scroll of identify (26 gold).
 24962 | D:10     | Bought a scroll of identify for 26 gold pieces
 24962 | D:10     | 24962 ||| BUYING scroll of identify (26 gold).
 24962 | D:10     | Bought a scroll of identify for 26 gold pieces
 24962 | D:10     | 24962 ||| BUYING scroll of identify (26 gold).
 24962 | D:10     | Bought a scroll of identify for 26 gold pieces
 24962 | D:10     | 24962 ||| BUYING scroll of identify (26 gold).
 24962 | D:10     | Bought a scroll of identify for 26 gold pieces
 24962 | D:10     | 24962 ||| BUYING scroll of teleportation (39 gold).
 24962 | D:10     | Bought a scroll of teleportation for 39 gold pieces
 24962 | D:10     | 24962 ||| BUYING scroll of teleportation (39 gold).
 24962 | D:10     | Bought a scroll of teleportation for 39 gold pieces
 24962 | D:10     | 24962 ||| READING scroll of enchant weapon.
 24962 | D:10     | 24962 ||| ENCHANTING +0 broad axe of draining.
 24985 | D:10     | 24985 ||| Stepping ~*~*~tactically~*~*~ (hiding).
 25044 | D:10     | 25044 ||| Stepping ~*~*~tactically~*~*~ (hiding).
 25244 | D:10     | 25244 ||| Stepping ~*~*~tactically~*~*~ (stealth).
 25550 | D:11     | 25550 ||| DRINKING 3 potions of curing.
 25550 | D:11     | 25550 ||| (to cure confusion)
 25552 | D:11     | 25552 ||| Stepping ~*~*~tactically~*~*~ (hiding).
 25566 | D:11     | 25566 ||| Stepping ~*~*~tactically~*~*~ (stealth).
 25567 | D:11     | 25567 ||| Stepping ~*~*~tactically~*~*~ (stealth).
 25569 | D:11     | 25569 ||| Stepping ~*~*~tactically~*~*~ (stealth).
 25664 | D:11     | 25664 ||| Stepping ~*~*~tactically~*~*~ (hiding).
 25849 | D:11     | 25849 ||| INVOKING Berserk.
 25860 | D:11     | 25860 ||| FLEEEEING.
 25861 | D:11     | 25861 ||| FLEEEEING.
 25862 | D:11     | 25862 ||| STAIRDANCE
 26268 | D:11     | Found a portal to a secret trove of treasure.
 26305 | D:11     | 26305 ||| PLANNING D
 26333 | D:12     | 26333 ||| INVOKING Brothers in Arms.
 26334 | D:12     | 26334 ||| INVOKING Brothers in Arms.
 26335 | D:12     | 26335 ||| INVOKING Brothers in Arms.
 26336 | D:12     | 26336 ||| INVOKING Brothers in Arms.
 26337 | D:12     | 26337 ||| SWAPPING to +0 morningstar.
 26338 | D:12     | 26338 ||| INVOKING Berserk.
 26354 | D:12     | 26354 ||| SWAPPING to +1 broad axe of draining.
 26465 | D:12     | 26465 ||| DRINKING potion of mutation.
 26465 | D:12     | Lost mutation: You have an uncontrollable temper. [potion
                  | of mutation]
 26465 | D:12     | Lost mutation: Your muscles are strong. (Str +4, Int/Dex
                  | -1) [potion of mutation]
 26465 | D:12     | Gained mutation: You occasionally shout uncontrollably at
                  | your foes. [potion of mutation]
 26465 | D:12     | Gained mutation: You expend magic power (3 MP) to
                  | strengthen your wands. [potion of mutation]
 26602 | D:12     | Found a staircase to the Orcish Mines.
 26801 | D:12     | 26801 ||| DRINKING potion of cancellation.
 26982 | D:12     | Reached skill level 17 in Axes
 27150 | D:12     | 27150 ||| READING scroll of enchant weapon.
 27150 | D:12     | 27150 ||| ENCHANTING +1 broad axe of draining.
 27260 | D:13     | 27260 ||| Stepping randomly (disturbance).
 27361 | D:13     | 27361 ||| FLEEEEING.
 27362 | D:13     | 27362 ||| FLEEEEING.
 27363 | D:13     | 27363 ||| STAIRDANCE
 27418 | D:13     | 27418 ||| STAIRDANCE
 27517 | D:13     | Found a gate to the Vaults.
 27667 | D:13     | HP: 31/136 [electric eel/bolt of electricity (7)]
 27668 | D:13     | 27668 ||| READING 11 scrolls of teleportation.
 27669 | D:13     | 27669 ||| DRINKING 3 potions of heal wounds.
 28271 | D:13     | 28271 ||| Stepping ~*~*~tactically~*~*~ (hiding).
 28284 | D:13     | 28284 ||| Stepping ~*~*~tactically~*~*~ (cloud).
 28430 | D:13     | 28430 ||| Stepping ~*~*~tactically~*~*~ (hiding).
 28444 | D:13     | Found Jastoupie's Assorted Antiques.
 28459 | D:13     | 28459 ||| BUYING potion of curing (96 gold).
 28459 | D:13     | Bought a potion of curing for 96 gold pieces
 28459 | D:13     | 28459 ||| BUYING potion of heal wounds (160 gold).
 28459 | D:13     | Bought a potion of heal wounds for 160 gold pieces
 28459 | D:13     | 28459 ||| BUYING translucent steel ring (160 gold).
 28459 | D:13     | Bought a translucent steel ring for 160 gold pieces
 28459 | D:13     | Identified the ring "Vifeax" {rElec rC+++ Str-2 Int+6
                  | Dex+2} (You bought it in a shop on level 13 of the Dungeon)
 28553 | D:13     | Reached skill level 18 in Axes
 28907 | D:13     | Found Coannuf's Distillery.
 28916 | D:13     | 28916 ||| BUYING potion of curing (48 gold).
 28916 | D:13     | Bought a potion of curing for 48 gold pieces
 28916 | D:13     | 28916 ||| BUYING potion of haste (160 gold).
 28916 | D:13     | Bought a potion of haste for 160 gold pieces
 28916 | D:13     | 28916 ||| BUYING potion of haste (160 gold).
 28916 | D:13     | Bought a potion of haste for 160 gold pieces
 28916 | D:13     | 28916 ||| BUYING potion of heal wounds (80 gold).
 28916 | D:13     | Bought a potion of heal wounds for 80 gold pieces
 28916 | D:13     | 28916 ||| BUYING potion of heal wounds (80 gold).
 28916 | D:13     | Bought a potion of heal wounds for 80 gold pieces
 28916 | D:13     | 28916 ||| SHOPLISTING potion of might (64 gold, have 35).
 29040 | D:13     | 29040 ||| DROPPING ring of flight.
 29041 | D:13     | 29041 ||| UPGRADING to ring "Vifeax" {rElec rC+++ Str-2
                  | Int+6 Dex+2}.
 29043 | D:13     | 29043 ||| REMOVING ring of protection from cold.
 29044 | D:13     | 29044 ||| UPGRADING to ring of willpower.
 29045 | D:13     | 29045 ||| UPGRADING to +6 ring of strength.
 29099 | D:14     | 29099 ||| Stepping ~*~*~tactically~*~*~ (hiding).
 29102 | D:14     | 29102 ||| Stepping ~*~*~tactically~*~*~ (hiding).
 29383 | D:14     | Found Plog's Antique Armour Emporium.
 29403 | D:14     | Found Aqugot's Armour Shoppe.
 29411 | D:14     | 29411 ||| SHOPLISTING +1 pair of boots of flying (214 gold,
                  | have 60).
 29462 | D:14     | Found a shimmering blue altar of Sif Muna.
 29531 | D:14     | Reached skill level 3 in Throwing
 29809 | D:14     | Found Amax's Armour Boutique.
 29982 | D:14     | 29982 ||| Stepping ~*~*~tactically~*~*~ (hiding).
 30259 | D:14     | 30259 ||| DROPPING +6 ring of intelligence.
 30292 | D:15     | Entered Level 15 of the Dungeon
 30335 | D:15     | 30335 ||| Stepping ~*~*~tactically~*~*~ (hiding).
 30349 | D:15     | 30349 ||| Stepping ~*~*~tactically~*~*~ (stealth).
 30365 | D:15     | 30365 ||| INVOKING Berserk.
 30545 | D:15     | 30545 ||| Stepping ~*~*~tactically~*~*~ (hiding).
 30559 | D:15     | Reached skill level 6 in Throwing
 30611 | D:15     | 30611 ||| Stepping ~*~*~tactically~*~*~ (hiding).
 30612 | D:15     | 30612 ||| INVOKING Trog's Hand.
 30630 | D:15     | Reached XP level 15. HP: 129/143 MP: 14/14
 30923 | D:15     | 30923 ||| FLEEEEING.
 30985 | D:15     | Found a staircase to the Depths.
 30986 | D:15     | 30986 ||| Stepping ~*~*~tactically~*~*~ (stealth).
 30989 | D:15     | 30989 ||| Stepping ~*~*~tactically~*~*~ (hiding).
 30991 | D:15     | 30991 ||| INVOKING Berserk.
 31011 | D:15     | 31011 ||| INVOKING Brothers in Arms.
 31026 | D:15     | 31026 ||| FLEEEEING.
 31027 | D:15     | 31027 ||| FLEEEEING.
 31028 | D:15     | 31028 ||| FLEEEEING.
 31029 | D:15     | 31029 ||| FLEEEEING.
 31030 | D:15     | 31030 ||| FLEEEEING.
 31031 | D:15     | 31031 ||| FLEEEEING.
 31032 | D:15     | 31032 ||| FLEEEEING.
 31034 | D:15     | 31034 ||| FLEEEEING.
 31038 | D:15     | 31038 ||| FLEEEEING.
 31039 | D:15     | 31039 ||| FLEEEEING.
 31040 | D:15     | 31040 ||| FLEEEEING.
 31041 | D:15     | 31041 ||| FLEEEEING.
 31042 | D:15     | 31042 ||| FLEEEEING.
 31062 | D:15     | 31062 ||| FLEEEEING.
 31064 | D:15     | 31064 ||| FLEEEEING.
 31065 | D:15     | 31065 ||| FLEEEEING.
 31066 | D:15     | 31066 ||| FLEEEEING.
 31067 | D:15     | 31067 ||| FLEEEEING.
 31068 | D:15     | 31068 ||| FLEEEEING.
 31069 | D:15     | 31069 ||| FLEEEEING.
 31070 | D:15     | 31070 ||| FLEEEEING.
 31071 | D:15     | 31071 ||| FLEEEEING.
 31072 | D:15     | 31072 ||| FLEEEEING.
 31108 | D:15     | 31108 ||| FLEEEEING.
 31109 | D:15     | 31109 ||| FLEEEEING.
 31111 | D:15     | 31111 ||| FLEEEEING.
 31112 | D:15     | 31112 ||| FLEEEEING.
 31115 | D:15     | 31115 ||| STAIRDANCE
 31264 | D:14     | 31264 ||| UPGRADING to ring of see invisible.
 31566 | D:15     | 31566 ||| Stepping ~*~*~tactically~*~*~ (hiding).
 31707 | D:14     | 31707 ||| PLANNING ORC
 31786 | Orc:1    | Entered Level 1 of the Orcish Mines
 31891 | Orc:1    | 31891 ||| INVOKING Trog's Hand.
 31893 | Orc:1    | 31893 ||| INVOKING Berserk.
 32080 | Orc:1    | Found Mutydam's Jewellery Boutique.
 32088 | Orc:1    | 32088 ||| BUYING +6 ring of dexterity (396 gold).
 32088 | Orc:1    | Bought a +6 ring of dexterity for 396 gold pieces
 32088 | Orc:1    | 32088 ||| SHOPLISTING amulet of regeneration (330 gold,
                  | have 7).
 32088 | Orc:1    | 32088 ||| SHOPLISTING amulet of the Distant Future {Acrobat
                  | rN+ Will+ Dex-5 Slay+3} (537 gold, have 7).
 32088 | Orc:1    | 32088 ||| SHOPLISTING ring of see invisible (165 gold, have
                  | 7).
 32088 | Orc:1    | 32088 ||| SHOPLISTING ring of the Hare {EV+8} (1408 gold,
                  | have 7).
 32127 | Orc:1    | Found Zetwanok's Jewellery Shoppe.
 32134 | Orc:1    | 32134 ||| SHOPLISTING ring "Fezu" {rN+ Int+3 Dex+6 Slay+2}
                  | (866 gold, have 29).
 32134 | Orc:1    | 32134 ||| SHOPLISTING ring of Biox {rPois rC+ rCorr Int-5
                  | Dex+6} (690 gold, have 29).
 32134 | Orc:1    | 32134 ||| SHOPLISTING ring of poison resistance (280 gold,
                  | have 29).
 32134 | Orc:1    | 32134 ||| SHOPLISTING ring of protection from fire (350
                  | gold, have 29).
 32134 | Orc:1    | 32134 ||| SHOPLISTING ring of see invisible (210 gold, have
                  | 29).
 32397 | Orc:1    | 32397 ||| UPGRADING to +2 plate armour of willpower.
 32407 | Orc:1    | 32407 ||| DROPPING ring of willpower.
 32408 | Orc:1    | 32408 ||| DROPPING ring of resist corrosion.
 32409 | Orc:1    | 32409 ||| DROPPING ring of positive energy.
 32421 | Orc:2    | Entered Level 2 of the Orcish Mines
 32428 | Orc:2    | 32428 ||| INVOKING Berserk.
 32437 | Orc:2    | Paralysed by an orc sorcerer for 3 turns
 32466 | Orc:2    | 32466 ||| Stepping ~*~*~tactically~*~*~ (hiding).
 32614 | Orc:2    | Found Belup's Distillery.
 32626 | Orc:2    | 32626 ||| INVOKING Berserk.
 32719 | Orc:2    | 32719 ||| Stepping ~*~*~tactically~*~*~ (stealth).
 32779 | Orc:2    | 32779 ||| BUYING potion of curing (48 gold).
 32779 | Orc:2    | Bought a potion of curing for 48 gold pieces
 32779 | Orc:2    | 32779 ||| BUYING potion of might (64 gold).
 32779 | Orc:2    | Bought a potion of might for 64 gold pieces
 32867 | Orc:2    | 32867 ||| INVOKING Trog's Hand.
 32869 | Orc:2    | 32869 ||| INVOKING Berserk.
 32891 | Orc:2    | 32891 ||| INVOKING Brothers in Arms.
 32902 | Orc:2    | HP: 32/139 [orc high priest/+0 war axe (10)]
 32903 | Orc:2    | 32903 ||| READING 10 scrolls of teleportation.
 32903 | Orc:2    | HP: 14/139 [soul eater[an orc high priest] (4)]
 32903 | Orc:2    | HP: 2/137 [orc high priest/+0 halberd (10)]
 32904 | Orc:2    | 32904 ||| DRINKING 5 potions of heal wounds.
 32904 | Orc:2    | Slain by an orc sorcerer

Levels and vault maps discovered:
D:1:      saegor_arrival_fortress, layout_basic, ebering_ecumenical_altar_webs,
          corexii_leaking_fountain, reono_crystal_passage
D:2:      layout_loops_ring, basic_altar, kennysheep_flooded_box,
          hangedman_decor_peaks_small
D:3:      layout_basic, nicolae_overflow_crystal_walls,
          nicolae_hepliaklqana_monster_ancestors
D:4:      layout_gridville, minmay_temple_entry_steel_oval
D:5:      layout_cave_pods, evilmike_ruin_ashenzari, kennysheep_donut,
          uniq_blork_the_orc, uniq_duvessa
D:6:      layout_gridville, kb_rosetta
D:7:      layout_gridville, gammafunk_ghost_nasty_kobolds
D:8:      layout_cave_pools, mainiacjoe_overflow_alcove_1,
          nicolae_yredelemnul_corpse_copse, dpeg_oklobed_lair, serial_bayou,
          serial_bayou_ford_a, serial_bayou_lake_a, serial_bayou_pond_d,
          serial_bayou_lagoon_a, nrook_pool_corridor, solitary_fountain
D:9:      layout_roguey, lemuel_blue_sif_altar, mainiacjoe_overflow_paths,
          minmay_librarian
D:10:     kb_forest_paths, layout_basic, bloody_makhleb, serial_shops, shop,
          uniq_psyche
D:11:     layout_basic, nicolae_trove_entry_crystal
D:12:     layout_long_grid, orc_0_dummy, grunt_decor_resistance
D:13:     layout_loops_cross, erik_vaults_1, serial_shops, nicolae_shop_stone,
          nicolae_diamond_shop, serial_bayou, serial_bayou_pond_e,
          serial_bayou_shore_a, serial_bayou_crossing, serial_bayou_lagoon_b
D:14:     layout_irregular_city, serial_shops, nicolae_shop_waterfront,
          nicolae_diamond_shop, nicolae_take_the_stairs, basic_altar
D:15:     gammafunk_depths_entry_grave, layout_gridville
Lair:1:   layout_misc_corridors, infiniplex_staircase_pool_2
Lair:2:   layout_chaotic_city, kennysheep_abandoned_house
Lair:3:   layout_layer_cave, palyth_hydra_swamp_entry,
          minmay_snake_entry_guardpost_small, st_stairs_6
Lair:4:   layout_regular_city, minmay_slime_entry_eyes
Lair:5:   hellmonk_lair_end_abyssal_woods, layout_gridlike
Orc:1:    layout_caves, serial_shops, shop, nicolae_shop_behind_doors,
          nicolae_orc_lava_tube
Orc:2:    grunt_orc_tribal_feast, layout_caves, serial_shops,
          nicolae_shop_crystal, shop, shop, nicolae_shop_hallway_stairs

Skill      XL: |  1  2  3  4  5  6  7  8  9 10 11 12 13 14 15 |
---------------+----------------------------------------------+-----
Axes           | 4 5 6 7 8 9 10 12 14 15 16 18 | 18.0
Fighting       | 4 6 7 8 10 12 15 | 15.8
Armour         | 3 4 5 6 8 10 12 13 | 13.1
Dodging        | 3 4 5 7 8 |  8.0
Shields        | 9 11 13 14 15 | 15.0
Throwing       | 2 6 7 |  7.3

Action                   |  1- 3 |  4- 6 |  7- 9 | 10-12 | 13-15 || total
-------------------------+-------+-------+-------+-------+-------++-------
Melee: Hand axe          |    90 |   103 |    31 |       |       ||   224
       Headbutt          |    13 |    15 |    23 |   114 |   188 ||   353
       Unarmed           |       |       |    10 |       |       ||    10
       War axe           |       |       |   117 |   495 |   403 ||  1015
       Punch             |       |       |     1 |       |       ||     1
       Morningstar       |       |       |       |    14 |     9 ||    23
       Broad axe         |       |       |       |       |   399 ||   399
Throw: Boomerang         |       |       |     1 |    61 |       ||    62
       Javelin           |       |       |       |       |    51 ||    51
Invok: Berserk           |     2 |     1 |     9 |    24 |    24 ||    60
       Brothers in Arms  |       |       |       |     3 |     5 ||     8
       Trog's Hand       |       |       |       |       |     3 ||     3
  Use: Scroll            |     7 |     5 |     3 |     7 |    12 ||    34
       Potion            |       |     3 |       |     2 |     8 ||    13
 Stab: Distracted        |       |       |       |       |     2 ||     2
Armor: Animal skin       |     5 |       |       |       |       ||     5
       Chain mail        |    22 |    35 |    46 |   175 |   291 ||   569
       Skin              |       |       |     1 |       |       ||     1
       Plate armour      |       |       |       |       |    30 ||    30
Dodge: Dodged            |    37 |    31 |    60 |   137 |   246 ||   511
Block: Kite shield       |       |       |       |   158 |   363 ||   521

Table legend:
 A = Non-vault XP
 B = Vault XP
 C = Vault XP percentage of total XP
 D = Non-vault monster count
 E = Vault monster count
 F = Vault count percentage of total count
                 A         B        C        D         E       F
            +---------+---------+-------+---------+---------+-------
      Total |   83423 |   33654 |  28.7 |     475 |     133 |  21.9
            +---------+---------+-------+---------+---------+-------
        D:1 |      53 |       0 |   0.0 |      30 |       0 |   0.0
        D:2 |      25 |       0 |   0.0 |       8 |       0 |   0.0
        D:3 |     246 |       3 |   1.2 |      23 |       2 |   8.0
        D:4 |     288 |       0 |   0.0 |      23 |       0 |   0.0
        D:5 |     617 |     301 |  32.8 |      14 |       3 |  17.6
        D:6 |    1797 |    1499 |  45.5 |      27 |       4 |  12.9
        D:7 |    2136 |       0 |   0.0 |      36 |       0 |   0.0
        D:8 |    3289 |    1432 |  30.3 |      46 |       9 |  16.4
        D:9 |    2286 |     550 |  19.4 |      11 |       1 |   8.3
       D:10 |     449 |    4919 |  91.6 |       9 |      21 |  70.0
       D:11 |    1883 |       0 |   0.0 |      10 |       0 |   0.0
       D:12 |    3888 |       0 |   0.0 |      10 |       0 |   0.0
       D:13 |    6458 |    1654 |  20.4 |      21 |       2 |   8.7
       D:14 |    5658 |       0 |   0.0 |      12 |       0 |   0.0
       D:15 |    9094 |    4606 |  33.6 |      19 |       8 |  29.6
     Lair:1 |    6462 |       0 |   0.0 |      21 |       0 |   0.0
     Lair:2 |    6683 |     602 |   8.3 |      21 |      12 |  36.4
     Lair:3 |    9898 |    3491 |  26.1 |      30 |      11 |  26.8
     Lair:4 |    2544 |     588 |  18.8 |      11 |       2 |  15.4
     Lair:5 |   15067 |   10567 |  41.2 |      61 |      38 |  38.4
      Orc:1 |     820 |       0 |   0.0 |       5 |       0 |   0.0
      Orc:2 |    3782 |    3442 |  47.6 |      27 |      20 |  42.6
            +---------+---------+-------+---------+---------+-------
